 Dungeon Crawl Stone Soup version 0.29-a0-103-g37f86683bf (webtiles) character file.

Game seed: 1507470969280672006

150 cyrus the Ducker (level 5, 0/48 HPs)
             Began as a Troll Artificer on Feb 15, 2022.
             Was a Believer of Makhleb.
             Slain by a gnoll (3 damage)
             ... on level 4 of the Dungeon.
             The game lasted 00:07:12 (2233 turns).

cyrus the Ducker (Troll Artificer)                  Turns: 2233, Time: 00:07:13

Health: 0/48       AC:  4    Str: 20    XL:     5   Next: 10%
Magic:  4/4        EV: 14    Int:  9    God:    Makhleb [**....]
Gold:   78         SH:  0    Dex: 10    Spells: 4/4 levels left

rFire   . . .      SeeInvis .   j - +0 spear
rCold   . . .      Faith    .   (no shield)
rNeg    . . .      Spirit   .   b - +0 robe
rPois   .          Reflect  .   (helmet restricted)
rElec   .          Harm     .   (no cloak)
rCorr   .          Rampage  .   (gloves unavailable)
Will    .....                   (boots unavailable)
Stlth   +.........              (no amulet)
HPRegen 0.96/turn               p - +4 ring of evasion
MPRegen 0.09/turn               (no ring)

@: no status effects
A: large, unfitting armour, claws 3, regeneration 1, shaggy fur 1, tough skin 1
a: Renounce Religion, Minor Destruction


You were on level 4 of the Dungeon.
You worshipped Makhleb.
Makhleb was pleased with you.
You visited 1 branch of the dungeon, and saw 4 of its levels.

You collected 78 gold pieces.

Inventory:

Hand Weapons
 a - a +0 club
 j - a +0 spear (weapon)
Armour
 b - a +0 robe (worn)
 s - a +0 robe
Jewellery
 p - a +4 ring of evasion (left claw)
Wands
 c - a wand of flame (15) (quivered)
 d - a wand of charming (9)
 v - a wand of acid (10)
Scrolls
 f - a scroll of magic mapping {unknown}
 g - 3 scrolls of identify {unknown}
 i - 3 scrolls of enchant weapon {unknown}
 n - a scroll of enchant armour {unknown}
 o - a scroll of blinking {unknown}
 q - a scroll of amnesia {unknown}
 r - a scroll of brand weapon {unknown}
 t - a scroll of vulnerability {unknown}
Potions
 h - a potion of attraction {unknown}
 k - 3 potions of haste {unknown}
 l - 2 potions of cancellation {unknown}
 m - a potion of heal wounds {unknown}
 u - a potion of degeneration {unknown}
Miscellaneous
 e - a piece from Xom's chessboard (15/15)


   Skills:
 + Level 1.4 Fighting
 + Level 0.8 Maces & Flails
 + Level 1.8 Polearms
 + Level 3.1 Dodging
 + Level 0.5 Stealth
 + Level 2.6 Evocations


You had 4 spell levels left.
You didn't know any spells.
Your spell library was empty.

Dungeon Overview and Level Annotations

Branches:
Dungeon (4/15)
 Temple: D:4-7

Altars:
Fedhas
Makhleb

Annotations:
D:3 3 runed translucent doors, siradein's ghost, amateur DrFE


Innate Abilities, Weirdness & Mutations

You are too large for most types of armour.
You have claws for hands.
Your natural rate of healing is unusually fast.
You are covered in fur. (AC +1)
You have tough skin. (AC +1)


Message History

Aim: a gnoll, wielding a +0 whip (heavily wounded, chance to affect: 64%)
The gnoll is charmed.
The gnoll closely misses you. The gnoll barely misses your gnoll.
Unknown command.
You barely miss the gnoll shaman. The gnoll misses you.
The gnoll hits your gnoll with a +0 club!
Your gnoll dies!
You hit the gnoll shaman.
The gnoll shaman is lightly wounded.
The gnoll shaman hits you with a +0 club.
The gnoll hits you from afar with a +0 spear!
* * * LOW HITPOINT WARNING * * *
You barely miss the gnoll shaman.
The gnoll shaman is lightly wounded.
The gnoll shaman hits you but does no damage.
The gnoll barely misses you. x2
Unknown command.
You hit the gnoll shaman.
The gnoll shaman is lightly wounded.
You hear the rapid hiss of a very distant avalanche of sand.
The gnoll shaman calls upon its god to speed up the gnoll.
The gnoll seems to speed up.
The gnoll closely misses you.
The gnoll hits you from afar with a +0 spear.
* * * LOW HITPOINT WARNING * * *
You hit the gnoll shaman.
The gnoll shaman is moderately wounded.
The gnoll barely misses you.
The gnoll shaman hits you with a +0 club.
* * * LOW HITPOINT WARNING * * *
The gnoll closely misses you.
The gnoll hits you from afar with a +0 spear.
* * * LOW HITPOINT WARNING * * *
You hit the gnoll shaman but do no damage.
The gnoll shaman is moderately wounded.
The gnoll shaman barely misses you. The gnoll barely misses you. x2
You closely miss the gnoll shaman.
The gnoll shaman is moderately wounded.
The gnoll closely misses you. The gnoll shaman closely misses you.
The gnoll hits you with a +0 club.
You die...

#.# ###.........
#..### ###...........
#....###........#
#..............## ....
##.............## #...
#........##....# #...
#)).###....# ##...
#..g##.....## ##....
##g.@#......####.....
##.g................
##.................
#!..##...#...####.
..........#..# #.
...........#..# ##.
...............# #..
................###..
.................##...


You could see a gnoll shaman and 2 gnolls.

Vanquished Creatures
  A hound (D:4)
  2 adders
  A white imp (D:4)
  2 worms (D:4)
  5 dart slugs
  An orc (D:4)
  3 endoplasms
  4 giant cockroaches
  7 hobgoblins
  9 jackals
  4 quokkas
  4 ball pythons
  4 bats
  A frilled lizard (D:2)
  3 goblins (D:1)
  5 kobolds
  5 rats
61 creatures vanquished.

Vanquished Creatures (collateral kills)
  A gnoll (D:4)
1 creature vanquished.

Vanquished Creatures (others)
  2 gnolls (D:4)
  A ball python (D:4)
  6 fungi (D:1)
  3 plants (D:1)
12 creatures vanquished.

Grand Total: 74 creatures vanquished

Notes
Turn   | Place    | Note
-------+----------+-------------------------------------------
     0 | D:1      | cyrus the Troll Artificer began the quest for the Orb.
     0 | D:1      | Reached XP level 1. HP: 18/18 MP: 0/0
    93 | D:1      | Reached skill level 2 in Dodging
   231 | D:1      | Reached XP level 2. HP: 15/26 MP: 1/1
   397 | D:1      | Found a faded altar of an unknown god.
   411 | D:1      | Prayed at the altar of an unknown god.
   411 | D:1      | Became a worshipper of Makhleb the Destroyer
   411 | D:1      | Reached * piety under Makhleb
   640 | D:1      | Reached XP level 3. HP: 32/32 MP: 2/2
   875 | D:1      | Reached skill level 1 in Fighting
  1281 | D:2      | Reached ** piety under Makhleb
  1350 | D:2      | Reached skill level 1 in Polearms
  1351 | D:2      | You fall into a shaft and drop 1 floor!
  1351 | D:3      | Found a blossoming altar of Fedhas.
  1380 | D:3      | Found a runed translucent gate.
  1381 | D:3      | Found a runed translucent gate.
  1383 | D:3      | Found a runed translucent gate.
  1387 | D:3      | Noticed siradein's ghost (amateur DrFE)
  1421 | D:3      | Reached XP level 4. HP: 41/41 MP: 3/3
  2033 | D:4      | Reached skill level 3 in Dodging
  2217 | D:4      | Reached XP level 5. HP: 30/48 MP: 4/4
  2231 | D:4      | HP: 1/48 [gnoll (5)]
  2233 | D:4      | Slain by a gnoll

Illustrated notes

Levels and vault maps discovered:
D:1:      saegor_arrival_fortress, layout_loops_ring,
          dreamdust_ecumenical_altar_grove, hex_medium
D:2:      layout_loops_cross, serial_shops, nicolae_diamond_shop
D:3:      layout_basic, mainiacjoe_overflow_cross_hatched,
          nicolae_ru_path_of_blood, mainiacjoe_overflow_concentric_impassable,
          gammafunk_ghost_split, grunt_decor_mini_mirrors
D:4:      layout_layer_cave, grunt_temple_overflow_gold_and_silver,
          nicolae_ossuary_entry_plus, st_stairs_5

Skill      XL: |  1  2  3  4 |
---------------+-------------+-----
Dodging        | 2 3 |  3.1
Fighting       | 1 |  1.4
Polearms       | 1 |  1.8
Maces & Flails | |  0.8
Stealth        | |  0.5
Evocations     | |  2.6

Action                   |  1- 3 |  4- 6 || total
-------------------------+-------+-------++-------
Melee: Club              |    37 |       ||    37
       Spear             |   187 |    95 ||   282
       Punch             |     2 |     1 ||     3
Evoke: Wand              |     1 |     5 ||     6
 Stab: Sleeping          |     1 |       ||     1
Armor: Robe              |   115 |    27 ||   142
Dodge: Dodged            |   191 |   105 ||   296

Table legend: (Time is in decaauts)
 A = Elapsed time spent in this place.
 B = Non-inter-level travel time spent in this place.
 C = Inter-level travel time spent in this place.
 D = Time resting spent in this place.
 E = Time spent auto-exploring this place.
 F = Levels seen in this place.
 G = Mean time per level.
                   A        B        C        D        E       F      G
               +--------+--------+--------+--------+--------+-----+--------+
         Total |   2262 |   2230 |     32 |    102 |   1264 |   4 |  565.5 |
       Dungeon |   2262 |   2230 |     32 |    102 |   1264 |   4 |  565.5 |
               +--------+--------+--------+--------+--------+-----+--------+

Top non-repeatable levels by time:
     D:1: 1157 daAuts
     D:4: 507 daAuts
     D:3: 378 daAuts
     D:2: 218 daAuts
